Map: [ESL] Oceanborn

Players

Lambo - Winner!

  • Race: Zerg Zerg
  • Spawn Location: 5:00

Elazer

  • Race: Zerg Zerg
  • Spawn Location: 11:00

Event: ESL SC2 Masters 2023 Winter (Regional)

VOD

Have the link to the VOD?

Description

Time

  • Played on: Nov. 9, 2023, 8:44 a.m.
  • Length: 7:12

All games in this series

Show
View Real Time Build Order
Export as new Build Order

Lambo Zerg - Winner!

Build Orders: Hatch First 

Get SALT Encoding   

  12  0:00  Drone  
  13  0:07  Drone  
  13  0:14  Extractor  
  13  0:15  Drone  
  15  0:37  Hatchery  
  15  0:42  Extractor, Drone  
  15  0:47  Overlord  
  15  1:03  Spawning Pool  
  14  1:06  Drone  
  14  1:09  Drone  
  16  1:13  Drone  
  16  1:17  Drone  
  18  1:27  Extractor, Drone  
  18  1:38  Drone  
  19  1:48  Drone  
  19  1:49  Drone  
  19  1:50  Queen x2  
  25  1:59  Drone  
  25  2:00  Overlord  
  26  2:10  Drone  
  26  2:11  Drone  
  28  2:21  Drone x2  
  30  2:26  Queen x2  
  34  2:32  Drone  
  34  2:36  Overlord  
  35  2:42  Drone  
  36  2:55  Overlord  
  36  2:56  Drone x2  
  38  3:00  Drone x6  
  44  3:07  Lair  
  44  3:14  Drone x2  
  46  3:21  Drone x2  
  46  3:26  Evolution Chamber  
  47  3:27  Roach Warren  
  47  3:29  Drone x2  
  47  3:33  Extractor x2  
  46  3:35  Extractor  
  46  3:37  Drone x5  
  46  3:39  Drone  
  51  3:45  Drone  
  51  3:46  Overlord  
  52  3:51  Zerg Missile Weapons Level 1  
  52  3:55  Overlord  
  52  4:04  Drone  
  52  4:07  Glial Reconstitution  
  52  4:08  Roach x2  
  52  4:09  Overlord  
  57  4:14  Roach x3  
  63  4:20  Overlord  
  63  4:21  Roach x2  
  67  4:27  Overlord  
  67  4:33  Roach x2  
  75  4:38  Roach x4  
  75  4:41  Overlord  
  75  4:45  Overlord  
  79  4:48  Overlord  
  79  4:53  Overlord  
  79  4:55  Overlord  
  79  4:57  Roach  
  81  5:08  Roach x2  
  81  5:12  Roach x4  
  93  5:15  Overlord  
  93  5:17  Roach  
  95  5:21  Roach  
  95  5:28  Overlord  
  97  5:36  Roach  
  97  5:40  Roach, Hatchery  
  97  5:41  Ravager x4  
  104  5:44  Roach  
  104  5:45  Ravager  
  104  5:48  Roach x2  
  111  5:54  Roach x5  
  111  5:55  Evolution Chamber  
  120  6:00  Roach  
  122  6:07  Roach x2  
  120  6:18  Roach x5  
  120  6:19  Roach  
  120  6:23  Roach x2  
  118  6:32  Roach  
  120  6:35  Roach  
  122  6:47  Roach x2  
  124  6:51  Ravager  
Show
View Real Time Build Order
Export as new Build Order

Elazer Zerg 

Build Orders: Hatch First 

Get SALT Encoding   

  12  0:00  Drone  
  13  0:12  Overlord  
  13  0:16  Drone  
  14  0:30  Drone x2  
  16  0:47  Hatchery  
  15  0:51  Drone  
  15  0:54  Drone  
  17  0:57  Drone  
  18  1:08  Extractor  
  17  1:12  Spawning Pool  
  17  1:15  Drone  
  17  1:19  Drone  
  18  1:27  Drone  
  19  1:38  Drone  
  20  1:50  Drone  
  21  1:59  Queen x2  
  21  2:00  Zergling x2  
  26  2:04  Overlord  
  26  2:08  Metabolic Boost  
  26  2:10  Drone x2  
  28  2:23  Drone x2  
  30  2:30  Drone  
  30  2:35  Hatchery  
  30  2:40  Drone  
  31  2:47  Overlord  
  31  2:52  Drone  
  31  2:54  Drone x2  
  33  3:06  Zergling x2  
  33  3:07  Zergling x12  
  33  3:10  Zergling x2  
  41  3:16  Lair  
  41  3:17  Overlord  
  41  3:18  Drone  
  42  3:32  Drone x2, Roach Warren  
  43  3:43  Drone x7  
  43  3:48  Queen  
  49  3:50  Drone x2  
  53  3:56  Overlord  
  53  3:59  Drone  
  54  4:05  Drone x2  
  56  4:12  Extractor  
  56  4:14  Glial Reconstitution  
  56  4:15  Drone x4  
  59  4:20  Overlord  
  59  4:21  Overseer  
  59  4:23  Drone x5  
  64  4:26  Overlord  
  64  4:33  Extractor, Overseer  
  64  4:34  Roach  
  65  4:38  Overlord  
  65  4:40  Roach  
  65  4:43  Roach  
  69  4:48  Roach x2  
  73  4:53  Overlord  
  73  4:56  Roach  
  73  4:57  Roach, Evolution Chamber  
  73  4:59  Roach  
  78  5:03  Extractor, Roach  
  78  5:05  Roach  
  81  5:09  Roach  
  81  5:13  Roach  
  81  5:14  Roach  
  87  5:18  Roach  
  90  5:23  Overlord  
  90  5:24  Roach, Spine Crawler  
  90  5:25  Roach  
  93  5:31  Roach x2  
  93  5:34  Overlord x2  
  97  5:40  Overlord  
  97  5:45  Roach  
  97  5:46  Roach x3  
  106  5:52  Overlord  
  106  5:53  Roach x6  
  118  6:02  Roach x4  
  124  6:06  Roach  
  124  6:10  Overlord  
  122  6:14  Roach x4  
  124  6:22  Roach x3  
  124  6:24  Roach x2  
  110  6:29  Roach  
  110  6:33  Roach  
  110  6:34  Roach x2  
  110  6:37  Extractor  
  119  6:40  Roach x2  
  119  6:45  Roach x2  
  119  6:52  Roach x3  
Tags
 
Add a new tag
Caveats
  • Supply blocks, unpowered buildings, or Contaminate may cause inaccurate times.
  • Supply counts are checked every 10 seconds.